 Dungeon Crawl Stone Soup version 0.26.0-20-g3ca415f5b8 (webtiles) character file.

Game seed: 2310661285794971269

5 kaeus the Firebug (level 1, 0/10 HPs)
             Began as a Gargoyle Fire Elementalist on Jan 25, 2021.
             Slain by a leopard gecko (3 damage)
             ... on level 1 of the Dungeon.
             The game lasted 00:01:14 (490 turns).

kaeus the Firebug (Gargoyle Fire Elementalist)       Turns: 490, Time: 00:01:15

Health: 0/10       AC:  4    Str: 11    XL:     1   Next: 80%
Magic:  1/3        EV: 12    Int: 15    God:
Gold:   26         SH:  0    Dex: 10    Spells: 3/4 levels left

rFire    . . .     SeeInvis .   (no weapon)
rCold    . . .     Faith    .   (no shield)
rNeg     + . .     Spirit   .   a - +0 robe
rPois    ∞         Reflect  .   (no helmet)
rElec    +         Harm     .   b - scarf {repulsion}
rCorr    .         Rampage  .   (no gloves)
Will     .....                  (no boots)
Stlth    ++........             (no amulet)
HPRegen  0.03/turn              (no ring)
MPRegen  0.08/turn              (no ring)

@: repel missiles
A: negative energy resistance 1, electricity resistance, unbreathing,
petrification resistance, miasma immunity, AC +2
a: no special abilities


You were on level 1 of the Dungeon.
You visited 1 branch of the dungeon, and saw 1 of its levels.

You collected 26 gold pieces.

Inventory:

Armour
 a - a +0 robe (worn)
 b - a scarf of repulsion (worn)
Scrolls
 c - a scroll of magic mapping {unknown}


   Skills:
 - Level 1.5 Dodging
 - Level 2.1 Stealth
 + Level 2.0 Spellcasting
 * Level 1.4 Conjurations
 * Level 3.1 Fire Magic


You had 3 spell levels left.
You knew the following spells:

 Your Spells              Type           Power        Failure   Level
a - Foxfire               Conj/Fire      32%          9%          1

Your spell library contained the following spells:

 Spells                   Type           Power        Failure   Level
 Conjure Flame            Conj/Fire      8%           26%         3
 Inner Flame              Hex/Fire       6%           34%         3
 Sticky Flame             Conj/Fire      8%           63%         4
 Fireball                 Conj/Fire      4%           93%         5


Dungeon Overview and Level Annotations

Branches:
Dungeon (1/15)

Altars:
Nemelex Xobeh


Innate Abilities, Weirdness & Mutations

You are resistant to torment.
Your stone body is resilient. (AC +2)
You are immune to poison.
You resist negative energy. (rN+)
You are resistant to electric shocks. (rElec)
You can survive without breathing.
You are immune to petrification.
You are immune to miasma.


Message History

The foxfire hits the leopard gecko but does no damage.
The leopard gecko is lightly wounded.
The foxfire hits the leopard gecko.
The leopard gecko is moderately wounded.
The kobold hits you but does no damage. The leopard gecko closely misses you.
The leopard gecko barely misses you.
The leopard gecko bites you but does no damage.
The leopard gecko barely misses you.
There is an open gate here.
Casting: Foxfire (safe; 9% risk of failure)
Confirm with . or Enter, or press ? or * to list all spells.
You conjure some foxfire!
The kobold misses you. The leopard gecko bites you.
* * * LOW HITPOINT WARNING * * *
You take 1 damage, and have 3/10 hp.
You now have 1/3 mp.
The foxfire hits the leopard gecko.
The leopard gecko is severely wounded.
The foxfire hits the goblin.
The goblin is heavily wounded.
The leopard gecko bites you.
You die...

##.§○§○#...##°§§###....#
##☼.§☼°#...#§☼§.§#####.#
##§§§§°#.⌠.##§.§###..#.#
###§§§##...###§#####.#.#
########...#########.#.#
#######''g########..#.######
#...#.# #............
#..Kl.#########.######
#####@#.........#
##########.#.#########
#..........#.#
#.##########.# #.# #.# #.#
#.# #.# #.# #.# #.# #.#
#.##############


You could see a leopard gecko, a goblin and a kobold.

Vanquished Creatures
  A dart slug (D:1)
  A kobold (D:1)
  A bat (D:1)
  A rat (D:1)
4 creatures vanquished.

Vanquished Creatures (others)
  10 foxfires (D:1)
10 creatures vanquished.

Grand Total: 14 creatures vanquished

Notes
Turn   | Place    | Note
-------+----------+-------------------------------------------
     0 | D:1      | kaeus the Gargoyle Fire Elementalist began the quest for
                  | the Orb.
     0 | D:1      | Reached XP level 1. HP: 10/10 MP: 3/3
   428 | D:1      | Found a sparkling altar of Nemelex Xobeh.
   490 | D:1      | Slain by a leopard gecko

Illustrated notes

Levels and vault maps discovered:
D:1:      lightli_arrival_flooded_house, layout_basic, nemelex_altar_shiori

Action                   || total
-------------------------++-------
Melee: Unarmed           ||    24
 Cast: Foxfire           ||    11
Armor: Robe              ||    14
Dodge: Dodged            ||    26
